 Dungeon Crawl Stone Soup version 0.31-a0-960-g0fca184906 (webtiles) character file.

Game seed: 7129628061229578289

100 sammy202020 the Trooper (level 4, 41/41 HPs)
             Began as a Minotaur Berserker on Oct 24, 2023.
             Was a Believer of Trog.
             Quit the game on level 3 of the Dungeon.
             The game lasted 00:03:26 (1754 turns).

sammy202020 the Trooper (Minotaur Berserker)        Turns: 1754, Time: 00:03:27

Health: 41/41      AC: 10    Str: 21    XL:     4   Next: 47%
Magic:  3/3        EV:  8    Int: 10    God:    Trog [**....]
Gold:   68         SH:  0    Dex:  8    Spells: 3/3 levels left

rFire   . . .        a - +0 hand axe
rCold   . . .        (no shield)
rNeg    . . .        h - +1 chain mail
rPois   .            (helmet restricted)
rElec   .            (no cloak)
rCorr   .            (no gloves)
SInv    .            (no boots)
Will    .....        (no amulet) Stlth
                     (no ring)
HPRegen 0.26/turn    (no ring)
MPRegen 0.08/turn

%: no passive effects
@: no status effects
A: horns 2, retaliatory headbutt, clever 1, inability to read after injury 1,
MP-powered wands
a: Renounce Religion, Berserk, Trog's Hand


You were on level 3 of the Dungeon.
You worshipped Trog.
Trog was pleased with you.
You visited 1 branch of the dungeon, and saw 3 of its levels.

You collected 148 gold pieces.
You spent 80 gold pieces at shops.

Inventory:

Hand Weapons
 a - a +0 hand axe (weapon)
Armour
 h - a +1 chain mail (worn)
Potions
 b - a potion of curing {unknown}
 d - a potion of attraction {unknown}
 g - a potion of berserk rage
 l - a potion of enlightenment


   Skills:
 * Level 4.5 Fighting
 * Level 4.5 Axes
 * Level 3.6 Armour
 + Level 2.8 Dodging


You had 3 spell levels left.
You didn't know any spells.
Your spell library was empty.

Dungeon Overview and Level Annotations

Branches:
Dungeon (3/15)

Altars:

Shops:
D:3 !

Annotations:
D:3 1 transporter


Innate Abilities, Weirdness & Mutations

You have a pair of horns on your head.
You reflexively headbutt those who attack you in melee.
Your mind is acute. (Int +4, Str/Dex -1)
You occasionally lose the ability to read scrolls when taking damage.
You expend magic power (3 MP) to strengthen your wands.


Message History

No target in view!
No target in view!
No target in view!
No target in view!
No target in view!
Found a transporter.
You see here a giant cockroach corpse.
You see here a giant cockroach corpse.
There is an open door here.
A frilled lizard comes into view.
The frilled lizard hisses angrily.
The frilled lizard bites you.
You slash the frilled lizard!
You kill the frilled lizard!
Trog accepts your kill.
No target in view!
No target in view!
No target in view!
No target in view!
No target in view!
No target in view!
No target in view!
No target in view!
No target in view!
No target in view!
No target in view!
There is an open door here.
You see here a giant cockroach corpse.
There is a transporter here.
You enter the transporter and appear at another place.
There is an entrance to Ruizau Mita's Distillery here.
c - a potion of mutation Thank you for shopping at Ruizau Mita's Distillery!
You aren't carrying any scrolls.
You feel extremely strange.
You feel clumsy.
Your hooves look more like feet.
Your hooves expand and flesh out into feet!
You occasionally lose the ability to read scrolls when taking damage.
You feel clever.
Are you sure you want to abandon this character and quit the game? (Confirm with "yes".)

#.##.........##...##.###
#.##.##..##..#.....†....
#...##...##..##...##.###
######...###.........# #
#.©.# #####.##### #
##### #.# # #.©.# ##'##
# #...# ##..>## # #.@.#
##.....## # #...#
##...))..## #
#.©.###.....)...###
######'.........+..
#.©.###.........###
#...# ##.......## #
###...# ##.....## #
#.#..## ##...## ##
#...## ##'## ##.


There were no monsters in sight!

Vanquished Creatures
  3 gnolls (D:3)
  An adder (D:3)
  4 worms (D:2)
  3 ball pythons
  3 bats
  5 endoplasms
  A giant cockroach (D:3)
  4 goblins
  4 hobgoblins
  4 jackals (D:2)
  3 kobolds (D:1)
  3 quokkas
  4 frilled lizards
  5 rats
47 creatures vanquished.

Notes
Turn   | Place    | Note
-------+----------+-------------------------------------------
     0 | D:1      | sammy202020 the Minotaur Berserker began the quest for the
                  | Orb.
     0 | D:1      | Reached XP level 1. HP: 19/19 MP: 0/0
   103 | D:1      | Reached XP level 2. HP: 21/27 MP: 1/1
   651 | D:1      | Reached ** piety under Trog
   690 | D:1      | Gained mutation: You expend magic power (3 MP) to
                  | strengthen your wands. [potion of mutation]
   690 | D:1      | Gained mutation: You are agile. (Dex +4, Str/Int -1)
                  | [potion of mutation]
   690 | D:1      | Gained mutation: You have large cloven feet. [potion of
                  | mutation]
   690 | D:1      | Gained mutation: You have hoof-like feet. [potion of
                  | mutation]
   761 | D:2      | Reached XP level 3. HP: 33/33 MP: 2/2
  1434 | D:3      | Found a transporter.
  1436 | D:3      | Found Ruizau Mita's Distillery.
  1476 | D:3      | Reached XP level 4. HP: 25/41 MP: 3/3
  1656 | D:3      | Found a transporter.
  1753 | D:3      | Bought a potion of mutation for 80 gold pieces
  1753 | D:3      | Lost mutation: You are agile. (Dex +4, Str/Int -1) [potion
                  | of mutation]
  1753 | D:3      | Lost mutation: You have hoof-like feet. [potion of
                  | mutation]
  1753 | D:3      | Lost mutation: You have large cloven feet. [potion of
                  | mutation]
  1753 | D:3      | Gained mutation: You occasionally lose the ability to read
                  | scrolls when taking damage. [potion of mutation]
  1753 | D:3      | Gained mutation: Your mind is acute. (Int +4, Str/Dex -1)
                  | [potion of mutation]
  1754 | D:3      | Quit the game

Illustrated notes

Levels and vault maps discovered:
D:1:      dpeg_arrival_short_road, layout_loops_ring
D:2:      layout_loops_ring
D:3:      layout_loops_corners, serial_shops, nicolae_shop_bloodbath_and_beyond,
          nicolae_shop_tiny_real_fake_doors, nicolae_shop_drivethru, shop

Skill      XL: |  1  2 |
---------------+-------+-----
Axes           | 4 |  4.5
Fighting       | 4 |  4.5
Armour         | 3 |  3.6
Dodging        | |  2.8

Action                     |  1- 3 |  4- 6 || total
---------------------------+-------+-------++-------
  Melee: Hand axe          |    80 |    12 ||    92
         Headbutt          |    16 |     1 ||    17
         Kick              |    11 |     3 ||    14
         Punch             |     1 |       ||     1
    Use: Scroll            |     6 |     1 ||     7
         Potion            |     4 |     1 ||     5
 Armour: Animal skin       |    14 |       ||    14
         Chain mail        |    43 |     4 ||    47
  Dodge: Dodged            |    33 |     7 ||    40

Table legend: (Time is in decaauts)
 A = Elapsed time spent in this place.
 B = Non-inter-level travel time spent in this place.
 C = Inter-level travel time spent in this place.
 D = Time resting spent in this place.
 E = Time spent auto-exploring this place.
 F = Levels seen in this place.
 G = Mean time per level.
                   A        B        C        D        E       F      G
               +--------+--------+--------+--------+--------+-----+--------+
         Total |   1772 |   1772 |      0 |     58 |   1293 |   3 |  590.7 |
       Dungeon |   1772 |   1772 |      0 |     58 |   1293 |   3 |  590.7 |
               +--------+--------+--------+--------+--------+-----+--------+

Top non-repeatable levels by time:
     D:1: 719 daAuts
     D:2: 713 daAuts
     D:3: 339 daAuts
